Map: Orbital Shipyard

Players

kempachizara

  • Race: Zerg Zerg
  • League: Silver

wabbajack - Winner!

  • Race: Zerg Zerg
  • League: Gold

VOD

Have the link to the VOD?

Description

Time

  • Played on: July 19, 2015, 7:04 p.m.
  • Length: 8:31
Show
View Real Time Build Order
Export as new Build Order

kempachizara Zerg 

Build Orders: Hatch First 

Get SALT Encoding   

  12  0:08  Overlord  
  12  0:14  Drone  
  12  0:17  Drone  
  14  0:23  Extractor  
  14  0:24  Drone  
  14  0:31  Drone  
  15  0:41  Drone  
  16  0:59  Hatchery  
  15  1:05  Drone x2  
  17  1:22  Spawning Pool  
  16  1:26  Drone  
  16  1:30  Drone  
  18  1:35  Overlord  
  18  1:49  Drone  
  19  2:03  Drone  
  20  2:09  Queen  
  20  2:12  Spine Crawler  
  20  2:15  Baneling Nest  
  20  2:16  Zergling x4  
  22  2:24  Queen  
  22  2:28  Drone  
  25  2:31  Zergling x2  
  25  2:36  Drone  
  27  2:38  Drone  
  27  2:43  Drone  
  29  2:46  Metabolic Boost  
  29  2:51  Drone  
  29  2:54  Drone  
  31  3:10  Overlord  
  31  3:11  Drone x2  
  33  3:16  Extractor  
  33  3:17  Drone x2  
  34  3:27  Overlord  
  34  3:28  Drone x4  
  38  3:40  Drone x2  
  40  3:44  Baneling x3  
  40  3:45  Baneling  
  40  3:51  Drone  
  40  3:52  Drone x4  
  45  3:55  Lair  
  45  4:06  Overlord  
  45  4:07  Extractor  
  44  4:12  Drone x6  
  50  4:18  Extractor  
  48  4:34  Spine Crawler  
  48  4:36  Spine Crawler  
  48  4:38  Spine Crawler  
  45  4:40  Zergling x6  
  45  4:41  Zergling x12  
  45  4:42  Zergling x2  
  55  4:54  Spire  
  54  5:26  Zergling x8  
  54  5:27  Zergling x4  
  54  5:28  Overlord x4  
  49  6:00  Zergling x8  
  52  6:10  Mutalisk x3  
  52  6:11  Mutalisk  
  52  6:14  Mutalisk x2  
  58  6:19  Spine Crawler  
  58  6:20  Spine Crawler  
  58  6:25  Mutalisk x2  
  47  6:34  Spine Crawler  
  47  6:35  Mutalisk, Spine Crawler  
  27  6:58  Mutalisk x2  
  27  6:59  Mutalisk  
  25  7:40  Drone x2  
Show
View Real Time Build Order
Export as new Build Order

wabbajack Zerg - Winner!

Build Orders: Hatch First 

Get SALT Encoding   

  12  0:01  Drone  
  13  0:13  Overlord  
  13  0:18  Drone  
  14  0:24  Extractor  
  14  0:25  Drone  
  15  0:32  Drone  
  16  0:42  Drone  
  17  0:55  Hatchery  
  16  0:58  Extractor  
  16  1:01  Drone  
  16  1:03  Drone  
  17  1:11  Drone  
  18  1:20  Spawning Pool  
  17  1:26  Drone  
  18  1:36  Drone  
  19  1:41  Overlord  
  19  1:56  Drone  
  20  2:02  Drone  
  20  2:07  Drone, Queen  
  20  2:08  Queen  
  24  2:12  Metabolic Boost  
  24  2:15  Zergling x2  
  27  2:21  Drone  
  28  2:25  Drone  
  28  2:29  Drone  
  30  2:45  Roach Warren  
  30  2:49  Drone  
  30  2:55  Overlord x2  
  30  2:57  Extractor  
  29  3:12  Drone x3  
  31  3:43  Roach x5  
  41  3:49  Roach x5  
  41  3:52  Overlord x2  
  51  4:01  Drone  
  52  4:14  Roach x3  
  52  4:15  Roach x5  
  68  4:29  Overlord  
  68  4:46  Overlord x2  
  68  4:49  Zergling x2  
  68  4:50  Zergling x12  
  75  5:06  Zergling x14  
  82  5:11  Ravager x4  
  86  5:15  Overlord  
  86  5:31  Hatchery  
  85  5:35  Zergling x2  
  85  5:36  Zergling x10  
  68  6:38  Zergling x2  
  68  6:39  Zergling x22  
  43  7:18  Lair, Spore Crawler  
  43  7:19  Spore Crawler  
  41  7:25  Spore Crawler  
  41  7:26  Spore Crawler  
  41  7:27  Spore Crawler  
  41  7:28  Drone  
  41  7:29  Drone x5  
  38  7:35  Hatchery  
  31  7:46  Drone x2  
  31  7:48  Spore Crawler  
  31  7:49  Spore Crawler  
  31  7:50  Spore Crawler  
  31  7:51  Spore Crawler  
  29  7:53  Spore Crawler  
  29  7:54  Drone x4  
  29  7:55  Drone  
  38  8:20  Extractor  
  38  8:21  Extractor  
  38  8:22  Spore Crawler, Hydralisk Den  
  38  8:24  Spore Crawler  
  38  8:25  Spore Crawler x3  
  38  8:27  Spore Crawler  
Tags
 
Add a new tag
Caveats
  • Supply blocks, unpowered buildings, or Contaminate may cause inaccurate times.
  • Supply counts are checked every 10 seconds.